 Dungeon Crawl Stone Soup version 0.22.0 (webtiles) character file.

2650 Gorglomux the Shield-Bearer (level 9, -13/57 HPs)
             Began as a Gargoyle Fighter on Aug 10, 2018.
             Was a Priest of Okawaru.
             Killed from afar by Psyche (23 damage)
             ... with a wand of acid (2)
             ... on level 8 of the Dungeon.
             The game lasted 00:05:36 (4761 turns).

Gorglomux the Shield-Bearer (Gargoyle Fighter)      Turns: 4761, Time: 00:05:38

Health: -13/57     AC: 15    Str: 23    XL:     9   Next: 62%
Magic:  11/11      EV:  6    Int:  9    God:    Okawaru [***...]
Gold:   238        SH: 11    Dex:  9    Spells: 8/8 levels left

rFire    . . .     SeeInvis .   Z - +5 war axe (curse)
rCold    . . .     Gourm    .   c - +0 shield
rNeg     + . .     Faith    .   Y - +0 chain mail
rPois    ∞         Spirit   .   (no helmet)
rElec    +         Reflect  .   s - +0 cloak
rCorr    .         Harm     .   (no gloves)
MR       .....                  V - +0 pair of boots
Stlth    ..........             (no amulet)
HPRegen  0.19/turn              (no ring)
MPRegen  0.12/turn              (no ring)

@: corroded
A: negative energy resistance 1, electricity resistance, unbreathing,
petrification resistance, rot immunity, AC +6
a: Heroism, Renounce Religion


You were on level 8 of the Dungeon.
You worshipped Okawaru.
Okawaru was most pleased with you.
You were not hungry.

You visited 2 branches of the dungeon, and saw 9 of its levels.

You collected 238 gold pieces.

Inventory:

Hand Weapons
 Z - a cursed +5 war axe (weapon)
Armour
 c - a +0 shield (worn)
 s - a +0 cloak (worn)
 V - a +0 pair of boots (worn)
 Y - a +0 chain mail (worn)
Jewellery
 n - an uncursed ring of magical power {unknown}
 p - an uncursed ring of magical power {unknown}
 O - a +3 amulet of reflection {unknown}
 T - a +5 ring of slaying {unknown}
Wands
 P - a wand of paralysis (11)
Scrolls
 g - 8 scrolls of identify {unknown}
 j - 5 scrolls of remove curse {unknown}
 o - 3 scrolls of amnesia {unknown}
 u - 6 scrolls of teleportation {unknown}
 v - a scroll of enchant weapon {unknown}
 S - a scroll of fear {unknown}
 X - a scroll of immolation {unknown}
Potions
 d - a potion of might
 i - a potion of brilliance {unknown}
 l - 2 potions of mutation {unknown}
 q - 4 potions of heal wounds {unknown}
 r - a potion of lignification {unknown}
 w - a potion of cancellation {unknown}
 Q - 2 potions of curing
 U - a potion of resistance {unknown}
 W - a potion of flight {unknown}
Comestibles
 f - 15 rations
 R - 13 chunks of flesh


   Skills:
 + Level 7.5 Fighting
 + Level 5.9 Axes
 + Level 7.6 Armour
 + Level 7.6 Shields
 - Level 3.1 Invocations


You had 8 spell levels left.
You didn't know any spells.
Your spell library contained the following spells:

 Spells                   Type           Power        Failure   Level  Hunger
 Apportation              Tloc           #.....       100%        1    ##.....
 Summon Small Mammal      Summ           #...         100%        1    ##.....
 Animate Skeleton         Necr           N/A          100%        1    ##.....
 Summon Ice Beast         Ice/Summ       #.......     100%        4    #####..
 Call Imp                 Summ           #.......     100%        2    ###....
 Confusing Touch          Hex            #.....       100%        1    ##.....
 Call Canine Familiar     Summ           #.......     100%        3    ####...
 Summon Lightning Spire   Summ/Air       #.......     100%        4    #####..
 Summon Guardian Golem    Hex/Summ       #.......     100%        3    ####...


Dungeon Overview and Level Annotations

Branches:
Dungeon (8/15)             Temple (1/1) D:4
   Lair: D:8-11

Altars:
Ashenzari
Cheibriados
Dithmenos
Elyvilon
Fedhas
Gozag
Hepliaklqana
Kikubaaqudgha
Makhleb
Nemelex Xobeh
Okawaru
Qazlal
Ru
Sif Muna
Trog
Uskayaw
Vehumet
Wu Jian
Xom
Yredelemnul
Zin
The Shining One

Shops:
D:7 :

Annotations:
D:8 Psyche


Innate Abilities, Weirdness & Mutations

You are resistant to torment.
Your stone body is resilient. (AC +6)
You are immune to poison.
You resist negative energy. (rN+)
You are resistant to electric shocks. (rElec)
You can survive without breathing.
You are immune to petrification.
You are immune to rotting.


Message History

Psyche hits you but does no damage!
You cut Psyche into ribbons!
Psyche is heavily wounded!
You block Psyche'butts attack! You block Psyche's attack!
You carve Psyche like a ham!!!
Psyche is severely wounded!
Butt miscasts a cantrip!
Unknown command!
Unknown command!
Unknown command!
You cut Psyche into ribbons!
Psyche is almost dead!
Psyche zaps a wand!
The bolt of acid hits you!!! The acid corrodes you!!!
You are splashed with acid!!!
The acid burns!!! * * * don't die
* * * Psyche hits butt but does no damage!
You barely miss Psyche!
Psyche is almost dead!
Psyche zaps a wand!
The bolt of butt hits you!!! rip

#...## ###..#
##.# #.##
#..# ### ##.#
....### #.###
#....###...##
#@@......##
#######...#
##..# ####


You could see Psyche.

Vanquished Creatures
  Edmund (D:5)
  A sky beast (D:6)
  4 ice beasts
  4 centaurs
  Blork the orc (D:5)
  2 scorpions
  10 wights
  2 howler monkeys
  4 crimson imps
  A jelly (D:5)
  5 hounds
  2 orc priests
  7 orc wizards
  A bullfrog skeleton (D:4)
  4 iguanas
  7 worker ants
  A hound zombie (D:5)
  4 gnolls (D:4)
  8 adders
  2 shadow imps (D:7)
  A dart slug (D:2)
  6 leopard geckos
  27 orcs
  5 ball pythons
  8 bats
  2 giant cockroaches
  6 goblins
  6 hobgoblins
  11 jackals
  4 kobolds
  4 quokkas
  A frilled lizard (D:4)
  2 leopard gecko skeletons
  A leopard gecko zombie (D:5)
  A quokka skeleton (D:7)
  5 rats
161 creatures vanquished.

Notes
Turn   | Place    | Note
-------+----------+-------------------------------------------
     0 | D:1      | Gorglomux the Gargoyle Fighter began the quest for the Orb.
     0 | D:1      | Reached XP level 1. HP: 14/14 MP: 1/1
    58 | D:1      | Reached XP level 2. HP: 18/19 MP: 2/2
   354 | D:1      | Reached XP level 3. HP: 22/23 MP: 3/3
   364 | D:2      | Found a stormy altar of Qazlal.
   365 | D:2      | Noticed an air elemental
   579 | D:2      | Reached XP level 4. HP: 21/29 MP: 4/4
   924 | D:3      | Found a deep blue altar of Sif Muna.
   924 | D:3      | Found a burning altar of Makhleb.
   925 | D:3      | Found a hazy altar of Hepliaklqana.
   926 | D:3      | Found an ancient bone altar of Kikubaaqudgha.
   929 | D:3      | Found a sacrificial altar of Ru.
  1098 | D:3      | Reached XP level 5. HP: 28/33 MP: 5/5
  1652 | D:4      | Reached skill level 3 in Axes
  1706 | D:4      | Reached XP level 6. HP: 35/39 MP: 6/6
  1723 | D:4      | Found a glowing golden altar of the Shining One.
  2024 | D:4      | Found a staircase to the Ecumenical Temple.
  2061 | Temple   | Entered the Ecumenical Temple
  2070 | Temple   | Became a worshipper of Warmaster Okawaru
  2221 | D:4      | Found a sparkling altar of Nemelex Xobeh.
  2416 | D:5      | Entered Level 5 of the Dungeon
  2461 | D:5      | Reached XP level 7. HP: 44/44 MP: 7/7
  2524 | D:5      | Reached skill level 1 in Invocations
  2530 | D:5      | Noticed Edmund
  2542 | D:5      | Killed Edmund
  2542 | D:5      | Reached * piety under Okawaru
  2688 | D:5      | Noticed Blork the orc
  2703 | D:5      | Killed Blork the orc
  2703 | D:5      | Reached XP level 8. HP: 50/50 MP: 9/9
  3016 | D:5      | Reached skill level 6 in Armour
  3016 | D:5      | Reached skill level 6 in Shields
  3227 | D:6      | Reached skill level 6 in Fighting
  3252 | D:6      | Reached skill level 3 in Invocations
  3387 | D:6      | Reached ** piety under Okawaru
  3893 | D:6      | Reached XP level 9. HP: 54/56 MP: 11/11
  4280 | D:7      | Found Xerhiof's Book Emporium.
  4317 | D:7      | Found a shattered altar of Ashenzari.
  4639 | D:7      | Reached *** piety under Okawaru
  4750 | D:8      | Noticed Psyche
  4761 | D:8      | Killed from afar by Psyche

Skill      XL: |  1  2  3  4  5  6  7  8  9 |
---------------+----------------------------+-----
Axes           | 2 3 4 5 |  5.9
Shields        | 4 5 6 7 |  7.6
Armour         | 4 5 6 7 |  7.6
Fighting       | 4 5 6 7 |  7.5
Invocations    | 2 3 |  3.1

Action                   |  1- 3 |  4- 6 |  7- 9 || total
-------------------------+-------+-------+-------++-------
Melee: War axe           |   118 |   205 |   335 ||   658
Invok: Heroism           |       |       |     3 ||     3
  Use: Potion            |       |     1 |       ||     1
  Eat: Chunk             |       |     6 |     8 ||    14
Armor: Scale mail        |    71 |   136 |    40 ||   247
       Chain mail        |       |       |   131 ||   131
Dodge: Dodged            |    45 |    78 |    74 ||   197
Block: Shield            |    82 |   128 |   194 ||   404
